 Dungeon Sprint DCSS version 0.21.2-1-g0862bd2 (webtiles) character file.

7500000 Fang the Conqueror (level 27, -8/249 HPs)
             Began as a Demonspawn Gladiator on May 8, 2019.
             Was the Champion of Makhleb.
             Mangled by a bag of meat
             ... wielding a +9 war axe
              (21 damage)
             ... in the Dungeon (Sprint VIII: "Arena of Blood").
             The game lasted 00:01:16 (75 turns).

Fang the Conqueror (Demonspawn Gladiator)             Turns: 75, Time: 00:01:16

Health: -8/249     AC:  8    Str: 24    XL:     27
Magic:  29/54      EV: 37    Int: 10    God:    Makhleb [******]
Gold:   0          SH:  0    Dex: 18    Spells: 80/80 levels left

rFire    . . .     SeeInvis .   l - +∞ Axe of Woe
rCold    . . .     Gourm    .   (shield currently unavailable)
rNeg     . . .     Faith    .   b - +0 leather armour
rPois    .         Spirit   .   c - +0 helmet
rElec    .         Reflect  .   (no cloak)
rCorr    .         Harm     .   (gloves unavailable)
MR       ++...     NoTele   +   (no boots)
Stlth    ++++++++++             (no amulet)
HPRegen  10.51/turn             (no ring)
MPRegen  0.34/turn              (no ring)

@: repel missiles
A: claws 3, repulsion field 3, nightstalker 3, powered by death 3, augmentation
3
a: Minor Destruction, Lesser Servant of Makhleb, Major Destruction, Greater
Servant of Makhleb, Renounce Religion


You were in the Dungeon.
You worshipped Makhleb.
Makhleb was exalted by your worship.
You were not hungry.

You visited 1 branch

Inventory:

Hand Weapons
 a - a +0 war axe
 l - the +∞ Axe of Woe (weapon)
   (You found it in the Dungeon)
Missiles
 d - 3 throwing nets (quivered)
Armour
 b - a +0 leather armour (worn)
 c - a +0 helmet (worn)
Jewellery
 m - a +30 ring of slaying
 o - a +30 ring of slaying
Scrolls
 k - a scroll of blinking
Potions
 e - a potion of curing
 g - a potion of heal wounds
 h - a potion of haste
 i - 2 potions of magic
 j - a potion of berserk rage
Comestibles
 f - a ration
 n - 8 chunks of flesh


   Skills:
 O Level 27 Fighting
 O Level 27 Axes
 O Level 27 Throwing
 O Level 27 Armour
 O Level 27 Dodging
 O Level 27 Stealth
 O Level 27 Unarmed Combat
 O Level 27 Spellcasting
 O Level 27 Invocations


You had 80 spell levels left.
You didn't know any spells.

Dungeon Overview and Level Annotations

Branches:
Dungeon (1/1)

Altars:
Makhleb


Innate Abilities, Weirdness & Mutations

You have claws for hands.
You are surrounded by a strong repulsion field. (EV +4, RMsl)
You are completely attuned to the shadows.
You regenerate a lot of health from kills.
Your magical and physical power is greatly enhanced at high health.


Message History

Makhleb accepts your kill.
You feel better.
You hear a shout! x4
You slice the destroyer!! You chop the destroyer into pieces.
You destroy the destroyer!
Makhleb accepts your kill.
You slice the small abomination!!
You fatally mangle the small abomination.
You destroy the small abomination!
Makhleb accepts your kill.
You hear a shout! x6
A crawling corpse merges with a small abomination to form a large abomination.
You hear a shout! x4
Unknown command.
You hear a shout! x10
The sculptor of flesh hits you with a +9 great sword!!!!!
Ouch! That really hurt!
* * * LOW HITPOINT WARNING * * *
The bag of meat hits you with a +9 war axe!!
You die...

..... .. #... .#
#... #... ..#
....###..% ..###.
....%.....###......
..#.o)))..._......
#...z@))#.....#
...))X).#_)<._#
#..)))).#)....#
.o#).)))).)_......
.....).).)###......
.....###.%.....###.
...... #.......#
.%. #%......# ...
.........


You could see a sculptor of flesh, a large abomination and 2 bags of meat.

Vanquished Creatures
  2 hell beasts (D)
  13 vampire knights (D)
  14 ogres (D)
  4 two-headed ogres (D)
  A lich (D)
  33 orcs (D)
  3 skeletal warriors (D)
  5 small abominations (D)
  A large abomination (D)
  4 crawling corpses (D)
80 creatures vanquished.

Vanquished Creatures (others)
  A crawling corpse (D)
1 creature vanquished.

Grand Total: 81 creatures vanquished

Notes
Turn   | Place    | Note
-------+----------+-------------------------------------------
     0 | D        | Found the +∞ Axe of Woe
     0 | D        | Fang the Demonspawn Gladiator began the quest for the Orb.
     0 | D        | Reached XP level 1. HP: 16/16 MP: 1/1
     3 | D        | Noticed a bag of meat
     3 | D        | Noticed a meat berserker
     4 | D        | Killed a meat berserker
     4 | D        | Reached skill level 15 in Axes
     4 | D        | Reached skill level 15 in Throwing
     4 | D        | Reached skill level 15 in Dodging
     4 | D        | Gained mutation: You are surrounded by a mild repulsion field. (EV +2) [demonic ancestry]
     4 | D        | Reached XP level 2. HP: 46/46 MP: 2/2
     4 | D        | Gained mutation: You have sharp fingernails. [demonic ancestry]
     4 | D        | Reached XP level 3. HP: 52/52 MP: 3/3
     4 | D        | Gained mutation: You have very sharp fingernails. [demonic ancestry]
     4 | D        | Reached XP level 4. HP: 59/59 MP: 4/4
     4 | D        | Reached XP level 5. HP: 66/66 MP: 5/5
     4 | D        | Reached XP level 6. HP: 73/73 MP: 6/6
     4 | D        | Gained mutation: You have claws for hands. [demonic ancestry]
     4 | D        | Reached XP level 7. HP: 79/79 MP: 7/7
     4 | D        | Reached XP level 8. HP: 86/86 MP: 8/8
     4 | D        | Gained mutation: You are slightly more attuned to the shadows. [demonic ancestry]
     4 | D        | Reached XP level 9. HP: 92/92 MP: 9/9
     4 | D        | Gained mutation: You are surrounded by a moderate repulsion field. (EV +3) [demonic ancestry]
     4 | D        | Reached XP level 10. HP: 100/100 MP: 10/10
     4 | D        | Gained mutation: You are significantly more attuned to the shadows. [demonic ancestry]
     4 | D        | Reached XP level 11. HP: 106/106 MP: 11/11
     4 | D        | Gained mutation: You regenerate a little health from kills. [demonic ancestry]
     4 | D        | Reached XP level 12. HP: 113/113 MP: 12/12
     4 | D        | Reached XP level 13. HP: 119/119 MP: 13/13
     4 | D        | Noticed a bag of meat
     5 | D        | Became a worshipper of Makhleb the Destroyer
     6 | D        | Killed a bag of meat
     7 | D        | Noticed a bag of meat
     8 | D        | Killed a bag of meat
     8 | D        | Reached * piety under Makhleb
     8 | D        | Gained mutation: You regenerate health from kills. [demonic ancestry]
     8 | D        | Reached XP level 14. HP: 101/133 MP: 14/14
    14 | D        | Noticed a bag of meat
    16 | D        | Killed a bag of meat
    18 | D        | Noticed a meat berserker
    18 | D        | Noticed a meat berserker
    18 | D        | Noticed a meat berserker
    19 | D        | Noticed a bag of meat
    19 | D        | Killed a meat berserker
    19 | D        | Reached XP level 15. HP: 33/146 MP: 15/15
    20 | D        | Killed a meat berserker
    20 | D        | Reached ** piety under Makhleb
    20 | D        | Gained mutation: Your magical and physical power is slightly enhanced at high health. [demonic ancestry]
    20 | D        | Reached XP level 16. HP: 38/157 MP: 16/16
    21 | D        | Killed a meat berserker
    22 | D        | Gained mutation: You are surrounded by a strong repulsion field. (EV +4, RMsl) [demonic ancestry]
    22 | D        | Reached XP level 17. HP: 85/169 MP: 17/17
    24 | D        | Noticed a meat berserker
    26 | D        | Noticed a large bag of meat
    26 | D        | Reached *** piety under Makhleb
    27 | D        | Killed a meat berserker
    27 | D        | Reached skill level 27 in Fighting
    29 | D        | Noticed a destroyer
    29 | D        | Killed a large bag of meat
    29 | D        | Reached skill level 27 in Axes
    29 | D        | Reached skill level 27 in Throwing
    29 | D        | Reached skill level 27 in Dodging
    29 | D        | Reached XP level 18. HP: 182/182 MP: 18/18
    30 | D        | Noticed a meat berserker
    30 | D        | Noticed a destroyer
    31 | D        | Noticed a meat berserker
    31 | D        | Reached **** piety under Makhleb
    31 | D        | Reached skill level 5 in Armour
    31 | D        | Reached skill level 5 in Unarmed Combat
    31 | D        | Reached skill level 5 in Spellcasting
    32 | D        | Noticed a large bag of meat
    32 | D        | Noticed a destroyer
    33 | D        | Killed a meat berserker
    33 | D        | Gained mutation: Your magical and physical power is enhanced at high health. [demonic ancestry]
    33 | D        | Reached XP level 19. HP: 161/189 MP: 18/34
    33 | D        | Reached skill level 15 in Stealth
    34 | D        | Killed a meat berserker
    34 | D        | Reached ***** piety under Makhleb
    35 | D        | Killed a destroyer
    35 | D        | Gained mutation: You are completely attuned to the shadows. [demonic ancestry]
    35 | D        | Reached XP level 20. HP: 197/197 MP: 18/42
    37 | D        | Killed a destroyer
    37 | D        | Reached skill level 27 in Invocations
    37 | D        | Reached XP level 21. HP: 204/204 MP: 19/47
    39 | D        | Killed a large bag of meat
    39 | D        | Reached ****** piety under Makhleb
    39 | D        | Killed a destroyer
    39 | D        | Reached skill level 27 in Stealth
    39 | D        | Gained mutation: You regenerate a lot of health from kills. [demonic ancestry]
    39 | D        | Reached XP level 22. HP: 212/212 MP: 19/51
    41 | D        | Noticed a large bag of meat
    42 | D        | Reached skill level 27 in Armour
    42 | D        | Reached skill level 27 in Unarmed Combat
    42 | D        | Reached skill level 27 in Spellcasting
    43 | D        | Noticed a destroyer
    43 | D        | Noticed a large bag of meat
    44 | D        | Killed a large bag of meat
    46 | D        | Noticed a destroyer
    46 | D        | Killed a destroyer
    46 | D        | Gained mutation: Your magical and physical power is greatly enhanced at high health. [demonic ancestry]
    46 | D        | Reached XP level 23. HP: 219/219 MP: 21/54
    47 | D        | Killed a destroyer
    47 | D        | Reached XP level 24. HP: 227/227 MP: 21/54
    48 | D        | Killed a large bag of meat
    51 | D        | Reached XP level 25. HP: 234/234 MP: 22/54
    54 | D        | Noticed a destroyer
    56 | D        | Noticed a destroyer
    56 | D        | Reached XP level 26. HP: 242/242 MP: 23/54
    57 | D        | Noticed a destroyer
    58 | D        | Noticed a tyrant
    58 | D        | Killed a destroyer
    59 | D        | Noticed a destroyer
    60 | D        | Killed a destroyer
    60 | D        | Reached XP level 27. HP: 249/249 MP: 25/54
    61 | D        | Killed a tyrant
    61 | D        | Killed a destroyer
    64 | D        | Noticed a meat beast
    64 | D        | Noticed a destroyer
    65 | D        | Killed a meat beast
    65 | D        | Noticed a meat beast
    66 | D        | Noticed a destroyer
    66 | D        | Killed a destroyer
    67 | D        | Killed a meat beast
    68 | D        | Killed a destroyer
    69 | D        | Noticed a destroyer
    70 | D        | Killed a destroyer
    72 | D        | Killed a destroyer
    73 | D        | Noticed a destroyer
    74 | D        | Killed a destroyer
    75 | D        | Mangled by a bag of meat

Skill      XL: |  1  2  3  4  5  6  7  8  9 10 11 12 13 14 15 16 17 18 19 20 21 22 |
---------------+-------------------------------------------------------------------+-----
Fighting       | 16 19 22 23 25 27 | 27.0
Axes           | 15 18 20 22 23 27 | 27.0
Throwing       | 15 18 20 22 23 27 | 27.0
Dodging        | 15 18 20 22 23 27 | 27.0
Armour         | 11 18 22 25 27 | 27.0
Stealth        | 12 19 23 27 | 27.0
Unarmed Combat | 11 18 22 25 27 | 27.0
Spellcasting   | 11 18 22 25 27 | 27.0
Invocations    | 16 24 27 | 27.0

Action                   |  1- 3 |  4- 6 |  7- 9 | 10-12 | 13-15 | 16-18 | 19-21 | 22-24 | 25-27 || total
-------------------------+-------+-------+-------+-------+-------+-------+-------+-------+-------++-------
Melee: Executioner's axe |     1 |       |       |       |     5 |     7 |     6 |     8 |    19 ||    46
Armor: Leather armour    |       |       |       |       |       |       |       |       |     1 ||     1
Dodge: Dodged            |       |       |       |       |     1 |       |       |       |       ||     1
